 Dungeon Crawl Stone Soup version 0.28.0 (webtiles) character file.

Game seed: 1050439372719799953

23 SnakkuSnakku7 the Grave Robber (level 2, 0/20 HPs)
             Began as a Barachi Necromancer on Feb 15, 2022.
             Slain by a jackal (2 damage)
             ... on level 1 of the Dungeon.
             The game lasted 00:02:02 (679 turns).

SnakkuSnakku7 the Grave Robber (Barachi Necromancer) Turns: 679, Time: 00:02:02

Health: 0/20       AC:  5    Str:  9    XL:     2   Next: 95%
Magic:  5/5        EV: 10    Int: 15    God:
Gold:   19         SH:  0    Dex: 12    Spells: 4/5 levels left

rFire   . . .      SeeInvis .   c - +1 short sword (venom)
rCold   . . .      Faith    .   (no shield)
rNeg    . . .      Spirit   .   f - +0 ring mail
rPois   .          Reflect  .   (no helmet)
rElec   .          Harm     .   (no cloak)
rCorr   .          Rampage  .   (no gloves)
Will    .....                   (no boots)
Stlth   +.........              (no amulet)
HPRegen 0.06/turn               (no ring)
MPRegen 0.09/turn               (no ring)

@: unable to hop, slow
A: amphibious, slowness 1, strong legs 1, +LOS
a: Hop


You were on level 1 of the Dungeon.
You visited 1 branch of the dungeon, and saw 1 of its levels.

You collected 19 gold pieces.

Inventory:

Hand Weapons
 b - a +0 club
 c - a +1 short sword of venom (weapon)
 e - a +0 falchion
Armour
 a - a +0 robe
 f - a +0 ring mail (worn)
Potions
 d - a potion of brilliance {unknown}


   Skills:
 + Level 0.7 Fighting
 + Level 0.7 Long Blades
 - Level 2.1 Dodging
 - Level 1.7 Stealth
 - Level 2.1 Spellcasting
 - Level 4.2 Necromancy


You had 4 spell levels left.
You knew the following spells:

 Your Spells              Type           Power      Damage    Failure   Level
a - Pain                  Necr           56%        1d6       11%         1

Your spell library contained the following spells:

 Spells                   Type           Power      Damage    Failure   Level
 Animate Skeleton         Necr           28%        N/A       11%         1
 Vampiric Draining        Necr           14%        2d7       32%         3
 Animate Dead             Necr           7%         N/A       71%         4
 Agony                    Necr           14%        N/A       96%         5


Dungeon Overview and Level Annotations

Branches:
Dungeon (1/15)

Altars:


Innate Abilities, Weirdness & Mutations

You are amphibious.
You cover ground slowly.
You can hop short distances.
You have an extended range of vision and can be seen from far away.


Message History

The jackal bites you but does no damage.
You hit the jackal but do no damage.
The jackal is poisoned.
The jackal is severely wounded.
You kill the jackal!
The jackal barely misses you.
You hit the jackal.
The jackal is poisoned.
The jackal is almost dead.
You kill the jackal!
You barely miss the endoplasm. The endoplasm hits you.
You hit the endoplasm but do no damage. The endoplasm freezes you.
You are frozen.
A rat comes into view.
You completely miss the endoplasm. The endoplasm freezes you.
You are frozen.
The endoplasm freezes you.
You are frozen.
You are too injured to fight recklessly!
You are too injured to fight recklessly!
You hit the endoplasm.
The endoplasm is almost dead.
The endoplasm freezes you.
You are frozen.
* * * LOW HITPOINT WARNING * * *
Hop to where?
Press: ? - help, Dir - move target Boing!
The bat closely misses you. The bat barely misses you.
The bat hits you but does no damage. The bat barely misses you.
You hit the bat.
You kill the bat!
You hit the jackal.
The jackal is poisoned.
The jackal is moderately wounded.
The jackal bites you.
* * * LOW HITPOINT WARNING * * *
The jackal bites you.
You die...

#.# #.##..##.###.#.##.#.##....
##.# #.##...........##.#.#####.
#..###.######.###........#####.
#......# #.# #.....†........
######## #.###..###.#######.
####### #..........# #. #.....#
##.##..##### #.
#.###.#######.##..# #. #.#
#......##@##..####### #.
#.###.####....h.......... #.
#.....# ####.##...####..# #.
###.### #.)........... . #†#
####...####... ##)## ##.##
##...## #####.# ##.....##
##...#.##### . ##.......#
##..........# ..


You could see a jackal (very poisoned).

Vanquished Creatures
  3 ball pythons (D:1)
  4 bats (D:1)
  An endoplasm (D:1)
  A giant cockroach (D:1)
  2 goblins (D:1)
  2 jackals (D:1)
  A quokka (D:1)
  A frilled lizard (D:1)
  A kobold (D:1)
  5 rats (D:1)
21 creatures vanquished.

Notes
Turn   | Place    | Note
-------+----------+-------------------------------------------
     0 | D:1      | SnakkuSnakku7 the Barachi Necromancer began the quest for
                  | the Orb.
     0 | D:1      | Reached XP level 1. HP: 13/13 MP: 3/3
   250 | D:1      | Reached skill level 4 in Necromancy
   250 | D:1      | Reached XP level 2. HP: 11/19 MP: 1/5
   643 | D:1      | Found a faded altar of an unknown god.
   679 | D:1      | Slain by a jackal

Illustrated notes

Levels and vault maps discovered:
D:1:      psy_arrival_fountain, layout_loops_ring,
          hellmonk_ecumenical_altar_crossroads, minmay_octomino_c4

Skill      XL: |  1 |
---------------+----+-----
Necromancy     | 4 |  4.2
Fighting       | |  0.7
Long Blades    | |  0.7
Dodging        | |  2.1
Stealth        | |  1.7
Spellcasting   | |  2.1

Action                   || total
-------------------------++-------
Melee: Club              ||     3
       Short sword       ||    33
 Cast: Pain              ||    14
 Abil: Hop               ||     1
Armor: Robe              ||     3
       Ring mail         ||     6
Dodge: Dodged            ||    26
